 Dungeon Crawl Stone Soup version 0.18-a0-1485-g189885c (webtiles) character file.

5861 namelastname112 the Fighter (level 10, -1/90 (91) HPs)
             Began as a Grey Draconian Wanderer on Mar 3, 2016.
             Was a Priest of Dithmenos.
             Slain by a six-headed hydra (11 damage)
             ... on level 9 of the Dungeon.
             The game lasted 00:18:00 (10515 turns).

namelastname112 the Fighter (DrWn)                 Turns: 10515, Time: 00:18:00

HP:   -1/90 (91)    AC: 15    Str: 12      XL:     10   Next: 52%
MP:   12/12         EV: 16    Int: 13      God:    Dithmenos [***...]
Gold: 791           SH:  0    Dex: 13 (14) Spells: 1 memorised, 10 levels left

rFire  . . .     SeeInvis +     J - +2 dagger (elec)
rCold  . . .     Gourm    .     (armour unavailable)
rNeg   . . .     Faith    .     (no shield)
rPois  .         Spirit   .     (helmet restricted)
rElec  .         Dismiss  .     (no cloak)
rCorr  .         Reflect  .     q - +2 pair of gloves {archery}
SustAt .         Harm     .     (no boots)
MR     .....                    C - amulet of rage
Stlth  ++........               g - ring of flight
                                F - ring of see invisible

@: wreathed by umbra, drained, not resistant to hostile enchantments, unstealthy
A: walk through water, unfitting armour, antennae 1, talons 1, clumsy 1,
deterioration 1, high mp 1, screaming 1, unbreathing, cold-blooded, AC +12
a: Shadow Step, Renounce Religion, Evoke Berserk Rage, Evoke Flight


You were on level 9 of the Dungeon.
You worshipped Dithmenos.
Dithmenos was most pleased with you.
You were hungry.

You visited 1 branch of the dungeon, and saw 9 of its levels.

You collected 791 gold pieces.

Inventory:

Hand Weapons
 D - a -1 arbalest
 J - a +2 dagger of electrocution (weapon)
Missiles
 s - 15 bolts of penetration
 u - 8 needles of confusion
 x - 25 bolts
Armour
 q - a +2 pair of gloves of archery (worn)
Jewellery
 g - a ring of flight (right hand)
 C - an amulet of rage (around neck)
 F - a ring of see invisible (left hand)
 I - an uncursed ring of resist corrosion
Wands
 a - a wand of iceblast (0/15)
 o - a wand of paralysis (0/24)
 t - a wand of disintegration (9/24)
 z - a wand of acid (6/15)
 K - a wand of paralysis (6/24)
 M - a wand of teleportation (0/9)
Scrolls
 e - a scroll of fog
 k - a scroll of noise {unknown}
 v - 3 scrolls of remove curse
 w - 3 scrolls of identify
 y - a scroll of amnesia
 N - a scroll of teleportation
Potions
 b - a potion of haste
 h - a potion of magic
 i - a potion of lignification
 j - a potion of cancellation
 n - 2 potions of flight
 B - 2 potions of agility
 G - a potion of ambrosia
Books
 c - the Disquisition on Venom

   Spells                             Type                      Level
   a - Sting                          Conjuration/Poison           1
   b - Spider Form                    Transmutation/Poison         3
 d - the Incunabulum of the Escort

   Spells                             Type                      Level
   a - Summon Butterflies             Summoning                    1
   b - Recall                         Summoning/Translocation      3
 m - a book of Debilitation

   Spells                             Type                      Level
   a - Corona                         Hexes                        1
   b - Slow                           Hexes                        2
   c - Gell's Gravitas                Hexes/Translocation          3
   d - Inner Flame                    Hexes/Fire                   3
   e - Cause Fear                     Hexes                        4
   f - Leda's Liquefaction            Hexes/Earth                  4
 A - a book of Burglary

   Spells                             Type                      Level
   a - Swiftness                      Charms/Air                   2
   b - Passwall                       Transmutation/Earth          2
   c - Passage of Golubria            Translocation                4
   d - Lee's Rapid Deconstruction     Earth                        5
   e - Darkness                       Hexes                        6
   f - Invisibility                   Hexes                        6
 E - a book of Alchemy

   Spells                             Type                      Level
   a - Sublimation of Blood           Necromancy                   2
   b - Ignite Poison                  Fire/Transmutation/Poison    3
   c - Petrify                        Transmutation/Earth          4
   d - Alistair's Intoxication        Transmutation/Poison         5
   e - Irradiate                      Conjuration/Transmutation    5
 L - a book of Dreams

   Spells                             Type                      Level
   a - Ensorcelled Hibernation        Hexes/Ice                    2
   b - Silence                        Hexes/Air                    5
   c - Darkness                       Hexes                        6
   d - Mass Confusion                 Hexes                        6
   e - Shadow Creatures               Summoning                    6
Miscellaneous
 H - a fan of gales (inert)
Comestibles
 f - 4 bread rations
 p - 3 fruits


   Skills:
 - Level 9.3(8.7) Fighting
 * Level 9.0(8.5) Crossbows
 - Level 1.0(0.5) Throwing
 - Level 8.6(8.1) Dodging
 - Level 1.0(0.5) Stealth
 - Level 1.0(0.5) Spellcasting
 - Level 4.0(3.5) Summonings


You had 10 spell levels left.
You knew the following spells:

 Your Spells              Type           Power        Failure   Level  Hunger
a - Summon Butterflies    Summ           #.......     10%         1    ##.....


Dungeon Overview and Level Annotations

Branches:
Dungeon (9/15)             Temple (0/1) D:6
   Lair: D:8-11         Orc: D:9-12

Altars:
Dithmenos
Trog


Innate Abilities, Weirdness & Mutations

You can walk through water.
Your dull iron-grey scales are very hard (AC +12).
Your body does not fit into most forms of armour.
You can survive without breathing.
You are cold-blooded and may be slowed by cold attacks.
You have a pair of small antennae on your head.
You have sharp toenails.
You are clumsy. (Dex -2)
Your body sometimes deteriorates upon taking damage.
You have an increased reservoir of magic (+10% MP).
You occasionally shout uncontrollably at your foes.


Message History

The six-headed hydra bites you.
* * * LOW HITPOINT WARNING * * *
The six-headed hydra barely misses you. The six-headed hydra bites you.
* * * LOW HITPOINT WARNING * * *
The six-headed hydra bites you.
* * * LOW HITPOINT WARNING * * *
The six-headed hydra misses you.
The six-headed hydra completely misses you.
Evoke which item? (* to show all) (? for menu, Esc to quit)
Okay, then.
Read which item? (? for menu, Esc to quit)
As you read the scroll labeled LOESUWKYCK, it crumbles to dust.
Dithmenos forgives your accidental fire-starting, just this once.
The creatures around you are filled with an inner flame!
It was a scroll of immolation.
The six-headed hydra barely misses you.
The six-headed hydra bites you but does no damage.
The six-headed hydra bites you!
* * * LOW HITPOINT WARNING * * *
The six-headed hydra bites you!
You die...

####### ######### ########
#.....# #.......# #......##
#.....# #.......# #......#.
#.....# #.......# #......#.
#.....# #.......# #.....{#.
#.....# #....†..# #.....{#.
##.....### #...@D..#####......#.
.#.......# #####............###.
.'.......# #............#...
.#.......# #............#...
.#..[....# #............#...
##.......# #............#...
..#'###### #............#...
..#......# #............#...
..#.....#########............#..#


You could see a six-headed hydra (inner flame).

Vanquished Creatures
  A hill giant (D:6)
  An ugly thing (D:6)
  Grinder (D:5)
  Eustachio (D:4)
  Sigmund (D:3)
  2 hungry ghosts (D:7)
  A water moccasin (D:6)
  2 orc warriors
  4 sky beasts
  2 ice beasts
  2 black bears
  2 necrophages
  4 ogres
  2 phantoms
  4 centaurs
  3 giant frogs
  2 scorpions
  A wyvern skeleton (D:9)
  8 wights
  5 crimson imps
  4 hounds
  4 jellies
  7 orc priests
  3 centaur skeletons
  7 orc wizards
  2 giant frog skeletons
  An iguana (D:5)
  6 worker ants
  The ghost of Amnesiac the Digger, a weakling FoEE (D:4)
  3 hound skeletons
  A howler monkey skeleton (D:7)
  9 adders
  3 gnolls (D:9)
  3 shadow imps
  4 oozes
  An adder zombie (D:9)
  An adder skeleton (D:5)
  3 worms
  2 dart slugs
  3 giant geckos
  35 orcs
  6 giant cockroaches
  9 goblins
  10 hobgoblins
  10 jackals
  8 kobolds
  4 quokkas
  A ball python (D:6)
  4 bats
  A giant gecko skeleton (D:4)
  3 giant newts
  3 rats
211 creatures vanquished.

Vanquished Creatures (collateral kills)
  An orc warrior (D:7)
  An ice beast (D:7)
  A giant frog zombie (D:7)
  An orc priest (D:7)
  2 orcs (D:7)
  A jackal (D:7)
7 creatures vanquished.

Grand Total: 218 creatures vanquished

Notes
Turn   | Place    | Note
--------------------------------------------------------------
     0 | D:1      | namelastname112 the Draconian Wanderer began the quest for the Orb.
     0 | D:1      | namelastname112 set off with: a +2 dagger, a potion of haste, the Disquisition on Venom, the Incunabulum of the Escort, a bread ration
     0 | D:1      | Reached XP level 1. HP: 16/16 MP: 2/2
     0 | D:1      | Identified the Disquisition on Venom
     0 | D:1      | Identified the Incunabulum of the Escort
     2 | D:1      | Learned a level 1 spell: Summon Butterflies
   364 | D:1      | Reached XP level 2. HP: 24/24 MP: 3/3
  1062 | D:2      | Reached XP level 3. HP: 30/30 MP: 4/4
  1501 | D:2      | Reached XP level 4. HP: 29/38 MP: 5/5
  1709 | D:3      | Noticed Sigmund
  1725 | D:3      | Killed Sigmund
  1725 | D:3      | Reached XP level 5. HP: 37/47 MP: 6/6
  2225 | D:3      | Found a bloodstained altar of Trog.
  2226 | D:3      | Found a shadowy altar of Dithmenos.
  2302 | D:3      | Reached XP level 6. HP: 22/55 MP: 7/7
  2489 | D:3      | Reached skill level 5 in Fighting
  2673 | D:4      | Noticed Amnesiac's ghost (weakling FoEE)
  2799 | D:4      | Reached skill level 5 in Dodging
  2799 | D:4      | Your scales start taking on a dull iron-grey colour.
  2799 | D:4      | Reached XP level 7. HP: 16/62 MP: 8/8
  2799 | D:4      | Gained mutation: You can survive without breathing. [Grey Draconian growth]
  3063 | D:3      | Became a worshipper of Dithmenos the Shadowed
  3280 | D:4      | Noticed Eustachio
  3302 | D:4      | Killed Eustachio
  3511 | D:4      | Killed Amnesiac's ghost
  3593 | D:5      | Entered Level 5 of the Dungeon
  3991 | D:5      | Reached XP level 8. HP: 73/73 MP: 9/9
  4187 | D:5      | Reached * piety under Dithmenos
  4550 | D:5      | Noticed Grinder
  4566 | D:5      | Killed Grinder
  4802 | D:6      | Noticed a hill giant
  4802 | D:6      | Noticed a red ugly thing
  4830 | D:6      | Killed a hill giant
  5167 | D:6      | Reached XP level 9. HP: 79/83 MP: 10/10
  5197 | D:6      | Found a staircase to the Ecumenical Temple.
  5963 | D:6      | Reached skill level 1 in Crossbows
  6107 | D:6      | Killed a red ugly thing
  7323 | D:7      | Reached skill level 5 in Crossbows
  7596 | D:6      | Reached ** piety under Dithmenos
  8061 | D:8      | Reached XP level 10. HP: 90/90 MP: 11/11
  8410 | D:8      | HP: 4/135 [orc priest/dagger of electrocution (20)]
  8429 | D:8      | HP: 5/135 [acid (5)]
  9010 | D:8      | Gained mutation: You have an increased reservoir of magic (+10% MP). [mutagenic meat]
  9011 | D:8      | Gained mutation: Your body sometimes deteriorates upon taking damage. [mutagenic meat]
  9012 | D:8      | Gained mutation: You occasionally shout uncontrollably at your foes. [mutagenic meat]
  9013 | D:8      | Gained mutation: You have sharp toenails. [mutagenic meat]
  9014 | D:8      | Gained mutation: You have a pair of small antennae on your head. [mutagenic meat]
  9015 | D:8      | Gained mutation: You are clumsy. (Dex -2) [mutagenic meat]
  9334 | D:9      | Reached *** piety under Dithmenos
  9735 | D:9      | Noticed a six-headed hydra
 10515 | D:9      | Slain by a six-headed hydra

Vault maps used:
D:1:      matt_arrival_los_fun
D:2:      minmay_distorted
D:3:      grunt_temple_overflow_open, first_bread, uniq_sigmund
D:4:      uniq_eustachio
D:5:      uniq_grinder
D:6:      kennysheep_big_flooded_room, minmay_temple_entry_statues_pillars
D:8:      minmay_goldmine

Skill      XL: |  1  2  3  4  5  6  7  8  9 10 |
---------------+-------------------------------+-----
Dodging        | 2 3 4 5 6 7 8 |  8.6
Fighting       | 2 3 4 5 7 9 |  9.3
Crossbows      | 6 9 |  9.0
Throwing       | |  1.0
Stealth        | |  1.0
Spellcasting   | |  1.0
Summonings     | |  4.0

Action                   |  1- 3 |  4- 6 |  7- 9 | 10-12 || total
-------------------------+-------+-------+-------+-------++-------
Melee: Dagger            |   139 |   216 |   728 |   241 ||  1324
       Great sword       |       |       |   100 |    76 ||   176
 Abil: Evoke Berserk Rag |       |       |     1 |       ||     1
Evoke: Wand              |       |     1 |    11 |     6 ||    18
       Fan of gales      |       |       |     1 |       ||     1
  Use: Scroll            |       |     3 |    10 |     5 ||    18
       Potion            |       |       |     7 |     1 ||     8
 Stab: Paralysed         |       |     4 |    24 |     1 ||    29
       Sleeping          |       |     1 |     2 |     3 ||     6
  Eat: Chunk             |     1 |     5 |    16 |    12 ||    34
       Pizza             |       |       |     2 |     1 ||     3
       Bread ration      |       |       |     3 |       ||     3
       Royal jelly       |       |       |     1 |       ||     1
       Fruit             |       |       |       |     1 ||     1
